 Dungeon Crawl Stone Soup version 0.18.1-48-g4cf74bf (webtiles) character file.

23 Iskender the Sneak (level 3, 0/21 HPs)
             Began as an Octopode Summoner on Sept 7, 2016.
             Hit by a stone thrown by a kobold (3 damage)
             ... on level 1 of the Dungeon.
             The game lasted 00:04:32 (644 turns).

Iskender the Sneak (Octopode Summoner)               Turns: 644, Time: 00:04:33

Health: 0/21       AC:  1    Str:  7    XL:     3   Next: 0%
Magic:  2/6        EV: 12    Int: 18    God:
Gold:   62         SH:  0    Dex: 12    Spells: 2 memorised, 3 levels left

rFire  . . .     SeeInvis .     a - +0 spear
rCold  . . .     Gourm    .     (no shield)
rNeg   . . .     Faith    .     (helmet restricted)
rPois  .         Spirit   .     (no amulet)
rElec  .         Dismiss  .     (no ring)
rCorr  .         Reflect  .     (no ring)
SustAt .         Harm     .     (no ring)
MR     .....                    (no ring)
Stlth  ++++......               (no ring)
                                (no ring)
                                (no ring)
                                (no ring)

@: not resistant to hostile enchantments, stealthy
A: almost no armour, amphibious, 8 rings, constrict 8, camouflage 1, gelatinous
body 1
a: no special abilities


You were on level 1 of the Dungeon.
You were not hungry.

You visited 1 branch of the dungeon, and saw 1 of its levels.

You collected 62 gold pieces.

Inventory:

Hand Weapons
 a - a +0 spear (weapon)
 m - a +0 hand axe
Missiles
 c - 13 bolts
 f - 11 sling bullets
 j - 4 stones (quivered)
Scrolls
 e - a scroll of identify {unknown}
 h - 2 scrolls of remove curse
Potions
 d - a potion of degeneration {unknown}
Books
 g - a book of Callings

   Spells                             Type                      Level
   a - Summon Small Mammal            Summoning                    1
   b - Call Imp                       Summoning                    2
   c - Call Canine Familiar           Summoning                    3
   d - Summon Guardian Golem          Hexes/Summoning              3
   e - Summon Lightning Spire         Summoning/Air                4
   f - Summon Ice Beast               Ice/Summoning                4
Comestibles
 b - 2 bread rations
 i - 5 fruits
 k - a meat ration
 l - a slice of pizza
 n - 3 chunks of flesh


   Skills:
 - Level 2.0 Dodging
 + Level 4.7 Stealth
 - Level 2.0 Spellcasting
 - Level 4.0 Summonings


You had 3 spell levels left.
You knew the following spells:

 Your Spells              Type           Power        Failure   Level  Hunger
a - Call Imp              Summ           ###.....     6%          2    ###....
Z - Summon Small Mammal   Summ           ###.         3%          1    #......


Dungeon Overview and Level Annotations

Branches:
Dungeon (1/15)

Altars:


Innate Abilities, Weirdness & Mutations

You cannot wear most types of armour.
You are amphibious.
You can wear up to eight rings at the same time.
You can use your tentacles to constrict eight enemies at once.
Your skin changes colour to match your surroundings (Stealth).
Your rubbery body absorbs attacks (AC +1).


Message History

Anything else - Stay silent.
Gang up on whom?
Press: ? - help, Dir - move target cursor, f - kobold
Aim: a kobold, wielding a dagger and wearing a ring mail Attack!
The kobold throws a stone.
The stone hits you but does no damage.
Your crimson imp blinks!
The kobold throws a stone.
The stone barely misses you. What do you say? t - Shout!
Orders for allies: a - Attack new target. p - Attack previous target. r - Retreat! s - Stop attacking. w - Wait here. f - Follow me.
Anything else - Stay silent.
Gang up on whom?
Press: ? - help, Dir - move target cursor, f/p - kobold
Aim: a kobold, wielding a dagger and wearing a ring mail Attack!
Your crimson imp blinks!
The kobold throws a stone.
The stone hits you.
You die...

###...####...#####.....#
##....## ###..# ..#....
#..##..######..# ........
#.####....##..##.........
#.# #<##....#<#.........
#### ###########.........
....##......# #....#####
......(.....###.........
....#.@(..§............ ...
#.(.............÷..
....##.#...5K..........
......##.................
.........................
........§.######'#.......
...........######.#.......
.................#.#.......
.................#.#.......


You could see a kobold and a friendly crimson imp.

Vanquished Creatures
  A gnoll (D:1)
  A dart slug (D:1)
  A giant gecko (D:1)
  A ball python (D:1)
  3 bats (D:1)
  A hobgoblin (D:1)
  A kobold (D:1)
  A giant newt (D:1)
  A goblin (D:1)
  3 rats (D:1)
14 creatures vanquished.

Vanquished Creatures (collateral kills)
  A hobgoblin (D:1)
1 creature vanquished.

Grand Total: 15 creatures vanquished

Notes
Turn   | Place    | Note
--------------------------------------------------------------
     0 | D:1      | Iskender the Octopode Summoner began the quest for the Orb.
     0 | D:1      | Reached XP level 1. HP: 11/11 MP: 3/3
   499 | D:1      | Reached XP level 2. HP: 13/17 MP: 5/5
   503 | D:1      | Learned a level 2 spell: Call Imp
   629 | D:1      | Reached XP level 3. HP: 1/21 MP: 6/6
   644 | D:1      | Hit by a stone thrown by a kobold

Skill      XL: |  1  2 |
---------------+-------+-----
Stealth        | 3 4 |  4.7
Dodging        | |  2.0
Spellcasting   | |  2.0
Summonings     | |  4.0

Action                   || total
-------------------------++-------
Melee: Unarmed           ||     8
       Hand axe          ||    12
       Constrict         ||     8
       Tentacles         ||     5
       Spear             ||     8
 Cast: Summon Small Mamm ||     3
       Call Imp          ||     4
  Use: Scroll            ||     1
 Stab: Sleeping          ||     5
Armor: Skin              ||     4
Dodge: Dodged            ||    19
